 Dungeon Crawl Stone Soup version 0.29-a0-330-g52719c12eb (webtiles) character file.

Game seed: 3058726883691202892

421 kae the Sneak (level 6, -6/30 HPs)
             Began as a Spriggan Enchanter on Apr 20, 2022.
             Killed from afar by a steam dragon (17 damage)
             ... with a ball of steam
             ... on level 2 of the Dungeon.
             The game lasted 00:04:08 (3997 turns).

kae the Sneak (Spriggan Enchanter)                  Turns: 3997, Time: 00:04:08

Health: -6/30      AC:  3    Str:  6    XL:     6   Next: 62%
Magic:  7/12       EV: 17    Int: 17    God:
Gold:   132        SH: 12    Dex: 15    Spells: 4/12 levels left

rFire   . . .      SeeInvis +   a - +3 dagger
rCold   . . .      Faith    .   l - +1 buckler {rN+}
rNeg    + . .      Spirit   .   b - +0 robe
rPois   .          Reflect  +   (helmet restricted)
rElec   .          Harm     .   j - +0 cloak
rCorr   +          Rampage  .   (gloves unavailable)
Will    +....                   (boots unavailable)
Stlth   +++.......              f - amulet of reflection
HPRegen 0.10/turn               o - ring of resist corrosion
MPRegen 0.13/turn               (no ring)

@: very quick
A: very small, no large weapons, unfitting armour, see invisible, speed 3
a: no special abilities


You were on level 2 of the Dungeon.
You visited 1 branch of the dungeon, and saw 4 of its levels.

You collected 132 gold pieces.

Inventory:

Hand Weapons
 a - a +3 dagger (weapon)
Missiles
 d - 6 silver boomerangs (quivered)
Armour
 b - a +0 robe (worn)
 j - a +0 cloak (worn)
 l - a +1 buckler of positive energy (worn)
Jewellery
 f - an amulet of reflection (around neck)
 m - a ring of fire
 o - a ring of resist corrosion (left hand)
Scrolls
 g - 2 scrolls of teleportation
 n - 3 scrolls of immolation
 p - a scroll of fear
 q - a scroll of magic mapping {unknown}
 r - a scroll of noise {unknown}
Potions
 c - 2 potions of invisibility
 e - 2 potions of degeneration
 h - a potion of curing {unknown}
 i - a potion of heal wounds {unknown}
 k - a potion of magic {unknown}


   Skills:
 + Level 1.6 Fighting
 * Level 3.9 Short Blades
 + Level 4.0 Dodging
 + Level 5.9 Stealth
 * Level 1.4 Shields
 + Level 3.8 Spellcasting
 + Level 4.6 Hexes


You had 4 spell levels left.
You knew the following spells:

 Your Spells              Type           Power      Damage    Failure   Level
a - Ensorcelled Hibernat  Hex/Ice        22%        N/A       21%         2
b - Confusing Touch       Hex            19%        N/A       16%         3
c - Tukima's Dance        Hex            19%        N/A       16%         3

Your spell library contained the following spells:

 Spells                   Type           Power      Damage    Failure   Level
 Slow                     Hex            76%        N/A       4%          1
 Beastly Appendage        Tmut           6%         N/A       34%         1
 Summon Small Mammal      Summ           12%        N/A       34%         1
 Dazzling Flash           Conj/Hex       22%        N/A       36%         3
 Summon Guardian Golem    Hex/Summ       11%        N/A       36%         3
 Wereblood                Tmut           3%         N/A       45%         2
 Call Canine Familiar     Summ           3%         N/A       71%         3
 Spider Form              Tmut/Pois      3%         N/A       71%         3
 Vampiric Draining        Necr           3%         2d6       71%         3


Dungeon Overview and Level Annotations

Branches:
Dungeon (4/15)
 Temple: D:4-7

Altars:
Elyvilon
The Shining One

Shops:
D:2 (


Innate Abilities, Weirdness & Mutations

You are very small and have problems with some larger weapons.
You are too small for most types of armour.
You have supernaturally acute eyesight. (SInv)
You cover ground extremely quickly. (Speed+++)


Message History

Casting: Confusing Touch (quite dangerous; 16% risk of failure)
Confirm with . or Enter, or press ? or * to list all spells.
Aiming: Ensorcelled Hibernation (safe; 21% risk of failure)
Press: ? - help, Shift-Dir - straight line, f - endoplasm
Aim: an endoplasm (chance to affect: 62%)
The endoplasm looks drowsy...
The helpless endoplasm fails to defend itself.
You perforate the endoplasm like a sieve!!!
You kill the endoplasm!
Casting: Ensorcelled Hibernation (safe; 21% risk of failure)
Confirm with . or Enter, or press ? or * to list all spells.
Aiming: Ensorcelled Hibernation (safe; 21% risk of failure)
Press: ? - help, Shift-Dir - straight line, f - steam dragon
Aim: a steam dragon (chance to affect: 45%)
The steam dragon resists with some effort.
Casting: Ensorcelled Hibernation (safe; 21% risk of failure)
Confirm with . or Enter, or press ? or * to list all spells.
Aiming: Ensorcelled Hibernation (safe; 21% risk of failure)
Press: ? - help, Shift-Dir - straight line, f/p - steam dragon
Aim: a steam dragon (chance to affect: 45%)
The steam dragon looks drowsy...
An orc comes into view. It is wielding a +0 mace.
The orc shouts!
The steam dragon misses you. x2
You hit the steam dragon but do no damage.
You block the steam dragon's attack. The steam dragon barely misses you.
There is a stone staircase leading up here.
The steam dragon breathes steam at you. The ball of steam hits you!
You climb upwards.
There is a stone staircase leading down here.
A steam dragon is nearby!
There is a stone staircase leading up here.
The steam dragon bites you! The steam dragon misses you.
You climb upwards.
There is a stone staircase leading down here.
The steam dragon breathes steam at you. The ball of steam hits you!
Ouch! That really hurt!
You die...

..#
##.#..########.[#####.
..# #.#............#.###<
### #..#.#########.#.....
##.#.# #.......#### #.#.#
#.###.### #...# #.# #...#
##..# #.#####.#
##..#####.)...#.#
#..@....#####.#.#
#..§....# #.#.# #######
#..§....#####.#.# #.....#
#..D............# ###
#.....###.......#####.###
..#
#.....##............#.#
..#
#.....##............#.#
..#
#.....##........._..#.#
..#
#..)..##............#.#


There were no monsters in sight!

Vanquished Creatures
  A black bear (D:2)
  A necrophage (D:4)
  A scorpion (D:4)
  4 orc priests (D:4)
  A hound (D:4)
  4 dart slugs
  2 orcs (D:3)
  3 bats
  6 endoplasms
  3 giant cockroaches
  8 hobgoblins
  3 jackals (D:1)
  3 quokkas
  4 ball pythons
  A frilled lizard (D:1)
  3 goblins
  6 kobolds
  4 rats
58 creatures vanquished.

Vanquished Creatures (others)
  A kobold (D:4)
1 creature vanquished.

Grand Total: 59 creatures vanquished

Notes
Turn   | Place    | Note
-------+----------+-------------------------------------------
     0 | D:1      | kae the Spriggan Enchanter began the quest for the Orb.
     0 | D:1      | Reached XP level 1. HP: 9/9 MP: 5/5
   428 | D:1      | Reached XP level 2. HP: 13/13 MP: 6/6
   555 | D:1      | Learned a level 2 spell: Ensorcelled Hibernation
  1042 | D:2      | Found a faded altar of an unknown god.
  1047 | D:2      | Noticed a black bear
  1088 | D:2      | Reached XP level 3. HP: 17/17 MP: 2/8
  1248 | D:2      | Learned a level 3 spell: Confusing Touch
  1257 | D:2      | Found Nouri's Weapon Shop.
  1314 | D:2      | Found a glowing golden altar of the Shining One.
  1510 | D:2      | Killed a black bear
  1511 | D:2      | Reached skill level 1 in Fighting
  1511 | D:2      | Reached skill level 5 in Stealth
  1511 | D:2      | Reached XP level 4. HP: 15/22 MP: 6/9
  1830 | D:2      | Identified a scroll of acquirement
  1830 | D:2      | Acquired a +1 buckler of positive energy
  2288 | D:3      | Reached XP level 5. HP: 25/25 MP: 10/10
  2393 | D:4      | Learned a level 3 spell: Tukima's Dance
  2722 | D:4      | Reached skill level 1 in Shields
  2777 | D:4      | Reached XP level 6. HP: 15/30 MP: 3/12
  3453 | D:4      | Found a white marble altar of Elyvilon.
  3479 | D:4      | Noticed a steam dragon
  3997 | D:2      | Killed from afar by a steam dragon

Illustrated notes

Levels and vault maps discovered:
D:1:      minmay_arrival_nine_rooms, layout_rooms, minmay_tripent
D:2:      layout_basic, basic_altar, serial_shops, shop,
          ebering_ecumenical_altar_abandoned
D:3:      layout_rooms
D:4:      layout_basic, kennysheep_mini_moat, kennysheep_small_spiral,
          nicolae_shop_clearance, uniq_blork_the_orc

Skill      XL: |  1  2  3  4  5  6 |
---------------+-------------------+-----
Short Blades   | 2 3 |  3.9
Dodging        | 3 4 |  4.0
Fighting       | 1 |  1.6
Stealth        | 5 |  5.9
Spellcasting   | 3 |  3.8
Hexes          | 4 |  4.6
Shields        | 1 |  1.4

Action                   |  1- 3 |  4- 6 || total
-------------------------+-------+-------++-------
Melee: Dagger            |    69 |    77 ||   146
Throw: Boomerang         |     6 |       ||     6
 Cast: Ensorcelled Hiber |     4 |    24 ||    28
       Confusing Touch   |       |     1 ||     1
  Use: Scroll            |     3 |     6 ||     9
 Stab: Sleeping          |    10 |    17 ||    27
       Distracted        |       |     2 ||     2
       Confused          |       |     1 ||     1
Armor: Robe              |     5 |     8 ||    13
Dodge: Dodged            |    46 |    29 ||    75
Block: Other             |     8 |     2 ||    10
       Reflection        |     1 |       ||     1
       Buckler           |       |    35 ||    35

Table legend: (Time is in decaauts)
 A = Elapsed time spent in this place.
 B = Non-inter-level travel time spent in this place.
 C = Inter-level travel time spent in this place.
 D = Time resting spent in this place.
 E = Time spent auto-exploring this place.
 F = Levels seen in this place.
 G = Mean time per level.
                   A        B        C        D        E       F      G
               +--------+--------+--------+--------+--------+-----+--------+
         Total |   3252 |   3158 |     94 |    798 |   1812 |   4 |  813.0 |
       Dungeon |   3252 |   3158 |     94 |    798 |   1812 |   4 |  813.0 |
               +--------+--------+--------+--------+--------+-----+--------+

Top non-repeatable levels by time:
     D:3: 1057 daAuts
     D:1: 859 daAuts
     D:2: 705 daAuts
     D:4: 629 daAuts
